 Dungeon Crawl Stone Soup version 0.28.0-53-g5a82cb258f (webtiles) character file.

Game seed: 113824456152351689

798 Stomo the Cutter (level 7, -7/55 HPs)
             Began as a Demonspawn Gladiator on July 4, 2022.
             Was a Follower of Uskayaw.
             Killed from afar by a steam dragon (18 damage)
             ... with a ball of steam
             ... on level 6 of the Dungeon.
             The game lasted 00:08:28 (5941 turns).

Stomo the Cutter (Demonspawn Gladiator)             Turns: 5941, Time: 00:08:29

Health: -7/55      AC:  4    Str: 17    XL:     7   Next: 58%
Magic:  1/7        EV: 14    Int:  9    God:    Uskayaw [*.....]
Gold:   190        SH:  0    Dex: 16    Spells: 6/6 levels left

rFire   . . .      SeeInvis .   r - +2 dagger (pain)
rCold   . . .      Faith    .   (no shield)
rNeg    . . .      Spirit   .   o - +1 robe of the Slorg {Rampage Regen+}
rPois   .          Reflect  .   t - +1 hat
rElec   .          Harm     .   (no cloak)
rCorr   .          Rampage  +   (no gloves)
Will    .....                   (no boots)
Stlth   ++........              (no amulet)
HPRegen 0.98/turn               (no ring)
MPRegen 0.10/turn               (no ring)

@: no status effects
A: hooves 1, thin skeletal structure 1, powered by pain 1
a: Renounce Religion, Stomp


You were on level 6 of the Dungeon.
You worshipped Uskayaw.
Uskayaw was noncommittal.
You visited 2 branches of the dungeon, and saw 7 of its levels.

You collected 190 gold pieces.

Inventory:

Hand Weapons
 a - a +0 rapier
 r - a +2 dagger of pain (weapon)
Missiles
 d - 4 throwing nets (quivered)
Armour
 b - a +0 leather armour
 c - a +0 helmet
 o - the +1 robe of the Slorg (worn) {Rampage Regen+}
   (You found it on level 3 of the Dungeon)

   Regen:     It increases your rate of health regeneration.
   Rampage:   It bestows one free step when moving towards enemies.
 t - a +1 hat (worn)
Jewellery
 v - the ring "Zymmeovo" {*Corrode rElec AC+4 Str+6 Int-5}
   (You found it on level 5 of the Dungeon)

   [ring of protection]

   AC:        It affects your AC (+4).
   Str:       It affects your strength (+6).
   Int:       It affects your intelligence (-5).
   rElec:     It insulates you from electricity.
   *Corrode:  It may corrode you when you take damage.
Wands
 l - a wand of acid (8)
 u - a wand of charming (22)
Scrolls
 e - a scroll of brand weapon {unknown}
 f - a scroll of magic mapping {unknown}
 g - a scroll of amnesia {unknown}
 i - 7 scrolls of identify {unknown}
 j - 3 scrolls of blinking {unknown}
 n - a scroll of fear {unknown}
 p - a scroll of summoning {unknown}
 s - 2 scrolls of teleportation {unknown}
 x - a scroll of vulnerability {unknown}
Potions
 h - 2 potions of haste {unknown}
 k - 2 potions of attraction {unknown}
 m - 2 potions of invisibility {unknown}
 q - a potion of degeneration {unknown}
 z - a potion of curing {unknown}
 A - 2 potions of lignification {unknown}
Miscellaneous
 w - a piece from Xom's chessboard (15/15)


   Skills:
 + Level 4.6 Fighting
 * Level 5.7 Short Blades
 - Level 1.7 Throwing
 - Level 2.0 Armour
 + Level 4.7 Dodging


You had 6 spell levels left.
You didn't know any spells.
Your spell library contained the following spells:

 Spells                   Type           Power      Damage    Failure   Level
 Blink                    Tloc           0%         N/A       52%         2
 Dazzling Flash           Conj/Hex       0%         N/A       77%         3
 Lesser Beckoning         Tloc           0%         N/A       77%         3
 Agony                    Necr           0%         N/A       100%        5
 Manifold Assault         Tloc           0%         N/A       100%        5
 Silence                  Hex/Air        0%         N/A       100%        5


Dungeon Overview and Level Annotations

Branches:
Dungeon (6/15)             Temple (1/1) D:5

Altars:
Ashenzari
Cheibriados
Dithmenos
Elyvilon
Nemelex Xobeh
Okawaru
Qazlal
Sif Muna
Trog
Uskayaw
Vehumet
Wu Jian
Xom
Yredelemnul
Zin
The Shining One

Shops:
D:1 ?


Innate Abilities, Weirdness & Mutations

You have large cloven feet.
You have a somewhat thin skeletal structure. (Dex +2, Stealth+)
You sometimes gain a little power by taking damage.


Message History

You hit the steam dragon but do no damage.
You kick the steam dragon.
The steam dragon is heavily wounded.
The steam dragon misses you. The steam dragon claws you.
You can now pass through a line of other dancers.
You hit the steam dragon.
The steam dragon is heavily wounded.
The steam dragon barely misses you. The steam dragon completely misses you.
Unknown command.
You stomp with the beat, sending a shockwave through the revellers around you!
The steam dragon is severely wounded.
You can no longer pass through a line of other dancers.
The steam dragon closely misses you. The steam dragon claws you.
Unknown command.
You stomp with the beat, sending a shockwave through the revellers around you!
The steam dragon is almost dead.
You can no longer stomp with the beat.
The steam dragon breathes steam at you. The ball of steam misses you.
You can now stomp with the beat.
Unknown command.
You closely miss the steam dragon. Your kick misses the steam dragon.
Your punch misses the steam dragon.
The steam dragon is almost dead.
You are engulfed in a cloud of scalding steam.
* * * LOW HITPOINT WARNING * * *
The steam dragon bites you.
* * * LOW HITPOINT WARNING * * *
The steam dragon closely misses you.
Okay, then.
You hit the steam dragon but do no damage.
You kick the steam dragon, but do no damage.
The steam dragon is almost dead.
You are engulfed in a cloud of scalding steam.
You barely miss the steam dragon.
You kick the steam dragon, but do no damage.
The steam dragon is almost dead.
The steam dragon breathes steam at you. The ball of steam hits you!!
You die...

#.# #.##.#
#..PP♣≈≈PPP
#.# #.##.#
##..P≈♣♣♣P♣
#.# #.##.#
##.≈.≈♣♣♣≈ #.#
#.##.#
#...P♣≈♣≈ #.#
#.##.#
##.≈P≈≈♣≈
#.#######.##.#
#..≈P≈≈≈
#.........##.#
###PPP≈P
############D#
##.≈.. #@#
##### #§# ###


You could see a steam dragon (catching breath).

Vanquished Creatures
  An ice beast (D:6)
  A phantom (D:4)
  A kobold brigand (D:4)
  2 scorpions
  2 jellies (D:4)
  A gnoll shaman (D:5)
  Jessica (D:3)
  An orc wizard (D:3)
  3 iguanas
  11 gnolls
  3 adders
  An ufetubus (D:3)
  4 worms (D:2)
  3 dart slugs (D:1)
  9 orcs
  4 ball pythons
  5 bats
  7 endoplasms
  A giant cockroach (D:1)
  3 goblins
  9 hobgoblins
  2 quokkas
  4 frilled lizards
  7 kobolds
  7 rats
  A butterfly (D:6)
94 creatures vanquished.

Notes
Turn   | Place    | Note
-------+----------+-------------------------------------------
     0 | D:1      | Stomo the Demonspawn Gladiator began the quest for the Orb.
     0 | D:1      | Reached XP level 1. HP: 16/16 MP: 1/1
   227 | D:1      | Gained mutation: You have a somewhat thin skeletal
                  | structure. (Dex +2, Stealth+) [demonic ancestry]
   227 | D:1      | Reached XP level 2. HP: 14/22 MP: 2/2
   727 | D:1      | Found Ulie's Magic Scroll Boutique.
   737 | D:1      | Reached skill level 3 in Short Blades
   750 | D:1      | Reached skill level 1 in Armour
   921 | D:1      | Reached XP level 3. HP: 25/28 MP: 3/3
  1519 | D:2      | Found a faded altar of an unknown god.
  1529 | D:2      | Gained mutation: You have large cloven feet. [demonic
                  | ancestry]
  1529 | D:2      | Reached XP level 4. HP: 32/34 MP: 4/4
  2712 | D:2      | Reached XP level 5. HP: 38/41 MP: 5/5
  3169 | D:3      | Noticed Jessica
  3172 | D:3      | Killed Jessica
  3185 | D:3      | Identified the +1 robe of the Slorg {Rampage Regen+}
  3908 | D:4      | Reached skill level 4 in Short Blades
  4050 | D:4      | Reached XP level 6. HP: 47/47 MP: 6/6
  4180 | D:5      | Entered Level 5 of the Dungeon
  4494 | D:5      | Reached skill level 5 in Short Blades
  4494 | D:5      | Gained mutation: You sometimes gain a little power by
                  | taking damage. [demonic ancestry]
  4494 | D:5      | Reached XP level 7. HP: 49/54 MP: 7/7
  4547 | D:5      | Found an iron altar of Okawaru.
  4833 | D:5      | Found a staircase to the Ecumenical Temple.
  5076 | D:5      | Identified the ring "Zymmeovo" {*Corrode rElec AC+4 Str+6
                  | Int-5}
  5300 | D:6      | Found a shimmering altar of Xom.
  5725 | D:6      | Found a broken altar of Ashenzari.
  5730 | D:6      | Noticed a steam dragon
  5830 | Temple   | Entered the Ecumenical Temple
  5872 | Temple   | Became a worshipper of Uskayaw the Reveller
  5933 | D:6      | Reached * piety under Uskayaw
  5935 | D:6      | Reached ** piety under Uskayaw
  5941 | D:6      | Killed from afar by a steam dragon

Illustrated notes

Levels and vault maps discovered:
D:1:      minmay_arrival_loop, layout_loops_cross, serial_shops,
          nicolae_shop_behind_doors, nrook_campfire, serial_park_tiny_1,
          minmay_3d_cube
D:2:      layout_loops_ring, hellmonk_ecumenical_altar_blasted,
          minmay_door_square, minmay_hedge_maze
D:3:      layout_rooms, minmay_misc_feat_alley, uniq_jessica
D:4:      layout_basic
D:5:      layout_loops_cross, okawaru_ov_weapons_minmay,
          minmay_temple_entry_glassed_door
D:6:      layout_basic, mainiacjoe_overflow_catwalk, xom_butterflies,
          gammafunk_ghost_nasty_kobolds, serial_bayou_lagoon_a
Temple:   compressed_dpeg_circular_temple

Skill      XL: |  1  2  3  4  5  6 |
---------------+-------------------+-----
Dodging        | 3 4 |  4.7
Short Blades   | 3 4 5 |  5.7
Armour         | 1 2 |  2.0
Fighting       | 3 4 |  4.6
Throwing       | |  1.7

Action                   |  1- 3 |  4- 6 |  7- 9 || total
-------------------------+-------+-------+-------++-------
Melee: Rapier            |    96 |   111 |       ||   207
       Punch             |     3 |     6 |     1 ||    10
       Kick              |       |    53 |    31 ||    84
       Dagger            |       |   106 |    96 ||   202
Invok: Stomp             |       |       |     2 ||     2
 Stab: Sleeping          |     8 |     8 |     2 ||    18
       Distracted        |       |     1 |       ||     1
Armor: Leather armour    |    12 |     7 |       ||    19
       Robe              |       |    17 |     9 ||    26
Dodge: Dodged            |    45 |   117 |    64 ||   226
